Map: Arctic Dream LE

Players

Morpheus

  • Race: Protoss Protoss
  • League: Platinum
  • Spawn Location: 12:00

Gerrot

  • Race: Protoss Protoss
  • League: Platinum
  • Spawn Location: 11:00

FishSangwich

  • Race: Protoss Protoss
  • League: Gold
  • Spawn Location: 6:00

Rufus

  • Race: Zerg Zerg
  • League: Diamond
  • Spawn Location: 5:00

VOD

Have the link to the VOD?

Description

hmmm

Time

  • Played on: March 15, 2021, 4:25 p.m.
  • Length: 8:05
Show
View Real Time Build Order
Export as new Build Order

Morpheus Protoss 

Build Orders: Zealot Archon, Dark Templar Rush 

Get SALT Encoding   

  12  0:00  Probe  
  13  0:12  Probe  
  14  0:18  Pylon  
  14  0:25  Probe  
  15  0:37  Probe (Chrono Boost)  
  15  0:42  Gateway  
  17  0:50  Probe (Chrono Boost), Assimilator  
  17  0:56  Probe (Chrono Boost)  
  18  1:04  Probe  
  19  1:16  Probe  
  20  1:24  Gateway  
  20  1:28  Probe  
  20  1:29  Cybernetics Core  
  21  1:33  Pylon  
  21  1:39  Assimilator  
  21  1:42  Probe  
  22  1:54  Probe  
  22  1:59  Pylon  
  23  2:11  Warp Gate (Chrono Boost)  
  23  2:24  Gateway  
  23  2:26  Pylon  
  23  2:32  Twilight Council, Pylon  
  23  2:53  Gateway  
  23  3:11  Dark Shrine  
  23  3:13  Stalker (Chrono Boost)  
  24  3:36  Probe  
  25  4:04  Nexus  
  25  4:24  Dark Templar x4  
  33  4:40  Probe  
  34  4:52  Probe  
  33  5:04  Probe  
  33  5:06  Charge (Chrono Boost)  
  32  5:08  Zealot x4  
  40  5:14  Pylon  
  40  5:16  Probe  
  41  5:22  Robotics Facility  
  41  5:28  Probe  
  41  5:29  Archon  
  41  5:33  Dark Templar x2  
  41  5:35  Zealot  
  48  5:37  Archon  
  48  6:16  Zealot x3  
  48  6:17  Zealot  
  50  6:34  Immortal  
  50  6:37  Probe  
  50  6:38  Probe  
  56  6:41  Assimilator  
  56  6:43  Assimilator  
  56  6:47  Pylon  
  56  6:49  Probe  
  56  6:50  Probe  
  58  6:59  Dark Templar x2  
  58  7:00  Dark Templar  
  64  7:10  Dark Templar  
  66  7:15  Archon  
  66  7:16  Archon  
  66  7:43  Stalker x3  
  72  7:47  Stalker  
Show
View Real Time Build Order
Export as new Build Order

Gerrot Protoss 

Build Orders:  

Get SALT Encoding   

  12  0:00  Probe  
  13  0:12  Probe  
  14  0:20  Pylon  
  14  0:24  Probe  
  15  0:39  Gateway  
  15  0:40  Probe  
  16  0:52  Probe  
  16  0:53  Assimilator  
  17  1:05  Probe (Chrono Boost)  
  17  1:17  Probe (Chrono Boost)  
  17  1:18  Pylon  
  18  1:23  Probe (Chrono Boost)  
  19  1:28  Cybernetics Core  
  19  1:29  Gateway  
  19  1:37  Probe  
  20  1:47  Zealot  
  22  1:55  Assimilator  
  22  1:58  Pylon  
  22  2:01  Warp Gate (Chrono Boost)  
  22  2:13  Gateway  
  22  2:15  Probe  
  23  2:24  Twilight Council  
  23  2:27  Probe  
  24  2:33  Zealot  
  26  2:40  Probe  
  27  3:00  Zealot  
  27  3:02  Zealot  
  31  3:06  Charge (Chrono Boost)  
  31  3:10  Zealot  
  33  3:51  Zealot x3  
  39  3:57  Pylon  
  39  4:01  Pylon  
  39  4:05  Pylon  
  39  4:13  Pylon  
  39  4:15  Zealot x2  
  39  4:16  Zealot  
  45  4:43  Nexus  
  45  4:44  Pylon  
  45  4:45  Zealot  
  47  4:50  Probe  
  48  4:59  Zealot  
  50  5:01  Zealot  
  52  5:12  Zealot  
  54  5:24  Probe  
  55  5:32  Zealot x2  
  59  5:36  Probe  
  56  6:00  Zealot x3  
  56  6:02  Probe x2  
  64  6:14  Probe x2  
  66  6:25  Zealot x3  
  68  6:27  Probe x2  
  68  6:38  Assimilator  
  68  6:39  Probe x2  
  64  6:42  Pylon  
  56  6:57  Zealot x2  
  56  6:58  Zealot  
  58  7:04  Gateway  
  58  7:06  Probe x2  
  52  7:20  Zealot  
  52  7:21  Zealot x2  
  56  7:59  Zealot x3  
  56  8:00  Zealot  
Show
View Real Time Build Order
Export as new Build Order

FishSangwich Protoss 

Build Orders:  

Get SALT Encoding   

  12  0:00  Probe  
  13  0:12  Probe  
  14  0:18  Pylon  
  14  0:25  Probe  
  15  0:37  Probe  
  15  0:41  Gateway  
  16  0:50  Probe  
  16  0:53  Assimilator  
  17  1:02  Probe  
  18  1:14  Probe  
  19  1:26  Probe  
  19  1:29  Cybernetics Core  
  20  1:38  Probe  
  21  1:46  Assimilator  
  21  1:49  Pylon  
  21  1:50  Probe  
  22  2:00  Nexus  
  22  2:23  Robotics Facility  
  22  2:27  Probe  
  22  2:44  Probe  
  22  2:50  Robotics Facility  
  23  2:56  Probe  
  24  3:08  Assimilator  
  24  3:09  Probe  
  24  3:10  Assimilator  
  25  3:14  Probe  
  26  3:21  Immortal (Chrono Boost), Probe  
  26  3:27  Warp Gate, Probe  
  32  3:40  Immortal (Chrono Boost)  
  32  3:46  Probe  
  37  3:52  Probe  
  38  3:58  Probe  
  39  4:03  Pylon  
  39  4:08  Probe (Chrono Boost)  
  40  4:11  Probe (Chrono Boost)  
  45  4:26  Immortal (Chrono Boost)  
  46  4:39  Observer (Chrono Boost), Probe  
  46  4:40  Probe  
  48  4:46  Pylon  
  48  4:47  Gateway  
  48  5:10  Immortal  
  52  5:14  Pylon  
  52  5:15  Probe x2  
  52  5:19  Pylon  
  54  5:32  Immortal  
  58  5:36  Stargate  
  58  6:03  Stalker  
  55  6:09  Immortal  
  51  6:20  Void Ray (Chrono Boost)  
  51  6:32  Stargate  
  55  6:35  Warp Prism  
  57  6:47  Void Ray (Chrono Boost)  
  51  7:06  Zealot  
  53  7:10  Void Ray (Chrono Boost)  
  53  7:14  Void Ray (Chrono Boost)  
  53  7:20  Observer x2  
  61  8:00  Stalker  
Show
View Real Time Build Order
Export as new Build Order

Rufus Zerg 

Build Orders: Hatch First 

Get SALT Encoding   

  12  0:02  Drone  
  13  0:14  Overlord  
  13  0:18  Drone  
  14  0:33  Drone x2  
  16  0:37  Drone  
  17  0:55  Hatchery  
  16  0:57  Drone  
  16  1:01  Drone  
  18  1:08  Drone  
  19  1:11  Extractor  
  18  1:18  Spawning Pool  
  17  1:27  Drone  
  18  1:43  Overlord  
  18  1:46  Drone  
  19  2:03  Drone  
  19  2:06  Queen  
  19  2:07  Queen  
  24  2:08  Zergling x4  
  24  2:14  Drone  
  27  2:18  Drone  
  28  2:26  Drone  
  28  2:28  Drone  
  30  2:37  Drone  
  30  2:41  Drone  
  30  2:42  Queen x2  
  36  2:59  Overlord x2  
  36  3:00  Overlord  
  37  3:27  Drone x9  
  37  3:33  Lair  
  44  3:41  Roach Warren, Evolution Chamber  
  43  3:43  Drone x3  
  45  3:52  Drone x2, Extractor  
  45  3:54  Extractor  
  45  3:57  Zergling x2  
  46  4:06  Zergling x2  
  46  4:07  Zergling x10  
  52  4:26  Zergling x8  
  56  4:37  Overseer  
  55  4:48  Metabolic Boost  
  50  5:22  Roach x5  
  55  5:28  Roach  
  55  5:29  Roach  
  55  5:30  Overlord x7  
  55  5:35  Glial Reconstitution  
  59  5:36  Spore Crawler  
  59  5:38  Spine Crawler, Roach  
  59  5:40  Spine Crawler  
  58  5:46  Roach  
  49  5:57  Roach x8  
  59  6:07  Roach x2  
  59  6:09  Queen  
  47  6:29  Roach x4  
  43  6:39  Roach x2  
  36  6:53  Roach  
  36  6:54  Roach  
  28  7:02  Roach x2  
  26  7:10  Roach Warren  
  5  7:34  Drone x4  
Tags
 
Add a new tag
Caveats
  • Supply blocks, unpowered buildings, or Contaminate may cause inaccurate times.
  • Supply counts are checked every 10 seconds.